 Dungeon Crawl Stone Soup version 0.19.1-1-g22dce08 (webtiles) character file.

102 Dolanko the Slasher (level 4, -20/36 HPs)
             Began as a Draconian Gladiator on Jan 9, 2017.
             Killed from afar by Ijyb (22 damage)
             ... with a wand of lightning
             ... on level 2 of the Dungeon.
             The game lasted 00:02:08 (1738 turns).

Dolanko the Slasher (Draconian Gladiator)           Turns: 1738, Time: 00:02:10

Health: -20/36     AC:  5    Str: 17    XL:     4   Next: 50%
Magic:  4/4        EV: 13    Int:  9    God:
Gold:   64         SH:  0    Dex: 12    Spells: 0 memorised, 3 levels left

rFire  . . .     SeeInvis .     a - +0 long sword
rCold  . . .     Gourm    .     (armour unavailable)
rNeg   . . .     Faith    .     (no shield)
rPois  .         Spirit   .     b - +0 hat
rElec  .         Reflect  .     (no cloak)
rCorr  .         Harm     .     (no gloves)
MR     .....                    (no boots)
Stlth  +.........               (no amulet)
                                (no ring)
                                (no ring)

@: no status effects
A: unfitting armour, cold-blooded, AC +5
a: no special abilities


You were on level 2 of the Dungeon.
You were not hungry.

You visited 1 branch of the dungeon, and saw 2 of its levels.

You collected 64 gold pieces.

Inventory:

Hand Weapons
 a - a +0 long sword (weapon)
Missiles
 c - 2 throwing nets (quivered)
Armour
 b - a +0 hat (worn)
Scrolls
 e - 3 scrolls of enchant armour {unknown}
 f - 2 scrolls of magic mapping {unknown}
 m - a scroll of fog {unknown}
Potions
 g - a potion of degeneration {unknown}
 h - a potion of invisibility
 i - a potion of brilliance {unknown}
 j - a potion of cancellation {unknown}
Comestibles
 d - a bread ration
 k - 2 chunks of flesh
 l - a beef jerky


   Skills:
 - Level 2.1 Fighting
 + Level 4.2 Long Blades
 - Level 1.7 Throwing
 + Level 4.0 Dodging


You had 3 spell levels left.
You didn't know any spells.

Dungeon Overview and Level Annotations

Branches:
Dungeon (2/15)

Altars:

Annotations:
D:2 Ijyb


Innate Abilities, Weirdness & Mutations

Your plain brown scales are hard. (AC +5)
You cannot fit into any form of body armour.
You are cold-blooded and may be slowed by cold attacks.


Message History

You slash the worm!
You kill the worm!
Your Dodging skill increases to level 4!
No target in view!
You now have 64 gold pieces (gained 8).
Things that are here:
a whip; 3 stones You see here a stone.
Ijyb the Twisted Goblin comes into view.
You hit Ijyb but do no damage.
Your tail-slap misses Ijyb.
Ijyb zaps a wand.
The bolt of lightning hits you!
Ouch! That really hurt!
It is a wand of lightning.
You slash Ijyb!
Ijyb is moderately wounded.
Ijyb zaps a wand.
The bolt of lightning hits you!
* * * LOW HITPOINT WARNING * * *
Ijyb zaps a wand.
The bolt of lightning hits you!
Ouch! That really hurt!
You die...

##...###########.......#...#####
#...# #.......#...# #####
#.......##### #........#
##########.....##
................#
.........##'##..# .........# ..#
..# .......@.# 8.# .# ####..g#.#
..# # #...#.# +## ........
#.......... #........... #......
....# #...... ....#


You could see Ijyb.

Vanquished Creatures
  Robin (D:2)
  An adder (D:2)
  3 oozes
  3 worms (D:2)
  A dart slug (D:1)
  3 leopard geckos (D:1)
  4 bats
  3 giant cockroaches (D:2)
  11 goblins
  5 hobgoblins
  3 jackals (D:1)
  4 kobolds
  9 frilled lizards
  4 rats
55 creatures vanquished.

Notes
Turn   | Place    | Note
-------+----------+-------------------------------------------
     0 | D:1      | Dolanko the Draconian Gladiator began the quest for the Orb.
     0 | D:1      | Reached XP level 1. HP: 17/17 MP: 1/1
   192 | D:1      | Reached XP level 2. HP: 19/24 MP: 2/2
   346 | D:1      | Reached XP level 3. HP: 25/29 MP: 3/3
  1098 | D:2      | Noticed Robin
  1109 | D:2      | Killed Robin
  1109 | D:2      | Reached XP level 4. HP: 14/36 MP: 4/4
  1733 | D:2      | Noticed Ijyb
  1738 | D:2      | Killed from afar by Ijyb

Skill      XL: |  1  2  3  4 |
---------------+-------------+-----
Dodging        | 3 4 |  4.0
Long Blades    | 4 |  4.2
Fighting       | |  2.1
Throwing       | |  1.7

Action                   |  1- 3 |  4- 6 || total
-------------------------+-------+-------++-------
Melee: Long sword        |    99 |    43 ||   142
       Tailslap          |    15 |     4 ||    19
Throw: Throwing net      |       |     1 ||     1
 Stab: Sleeping          |     1 |     1 ||     2
       Held in net/web   |       |     3 ||     3
  Eat: Chunk             |     1 |     2 ||     3
Armor: Skin              |    22 |     8 ||    30
Dodge: Dodged            |    65 |    27 ||    92
       Rpst.: Long sword |    20 |    10 ||    30
